Map: Romanticide LE

Players

MissFanta (ThuocLao)

  • Race: Protoss Protoss
  • Spawn Location: 11:00

BlysK - Winner!

  • Race: Protoss Protoss
  • League: Master
  • Spawn Location: 5:00

Event: DreamHack SC2 Masters 2020 Winter

VOD

Have the link to the VOD?

Description

Time

  • Played on: Oct. 9, 2020, 10:05 p.m.
  • Length: 9:07

All games in this series

Show
View Real Time Build Order
Export as new Build Order

MissFanta Protoss 

Build Orders:  

Get SALT Encoding   

  12  0:00  Probe  
  13  0:12  Probe  
  14  0:17  Pylon  
  14  0:24  Probe (Chrono Boost)  
  15  0:38  Gateway  
  15  0:39  Probe (Chrono Boost)  
  16  0:45  Assimilator, Probe (Chrono Boost)  
  17  0:53  Probe  
  17  0:56  Assimilator  
  18  1:05  Probe  
  18  1:09  Gateway  
  19  1:17  Probe  
  20  1:25  Cybernetics Core  
  20  1:29  Probe  
  21  1:35  Pylon  
  21  1:41  Probe  
  22  1:54  Probe  
  23  2:01  Stalker x2 (Chrono Boost)  
  23  2:06  Warp Gate, Probe  
  28  2:09  Pylon  
  28  2:18  Probe  
  29  2:28  Stalker x2 (Chrono Boost)  
  28  2:30  Probe  
  33  2:42  Probe  
  34  2:47  Pylon  
  34  2:54  Probe  
  35  3:06  Probe  
  34  3:18  Probe  
  33  3:22  Nexus  
  33  3:23  Twilight Council  
  33  3:34  Robotics Facility  
  33  3:35  Probe  
  34  3:47  Probe  
  35  3:55  Sentry x2  
  35  3:59  Probe  
  40  4:06  Blink (Chrono Boost)  
  40  4:11  Probe  
  40  4:12  Gateway  
  41  4:17  Pylon  
  41  4:22  Observer  
  41  4:24  Probe  
  43  4:31  Stalker  
  45  4:40  Stalker  
  40  4:58  Stalker  
  39  5:06  Probe  
  39  5:08  Forge  
  39  5:09  Probe  
  41  5:21  Probe (Chrono Boost)  
  41  5:22  Probe (Chrono Boost)  
  41  5:25  Immortal (Chrono Boost)  
  46  5:30  Forge, Protoss Ground Weapons Level 1  
  46  5:31  Probe (Chrono Boost)  
  46  5:33  Probe (Chrono Boost)  
  48  5:36  Probe (Chrono Boost)  
  48  5:42  Probe  
  50  5:48  Probe  
  51  5:54  Stalker, Probe  
  54  6:00  Probe  
  55  6:06  Probe  
  56  6:12  Probe  
  56  6:15  Stalker x2  
  62  6:18  Probe  
  62  6:19  Pylon  
  62  6:24  Probe  
  63  6:30  Probe  
  64  6:34  Observer  
  64  6:35  Nexus  
  64  6:36  Probe  
  64  6:39  Pylon  
  65  6:41  Sentry x2  
  65  6:42  Probe  
  70  6:48  Assimilator, Probe  
  70  6:52  Assimilator  
  71  6:54  Probe  
  71  6:55  Immortal (Chrono Boost)  
  71  7:00  Probe  
  77  7:05  Stalker  
  77  7:07  Probe  
  79  7:08  Gateway  
  79  7:12  Probe  
  80  7:16  Stalker  
  80  7:19  Probe  
  83  7:23  Gateway  
  83  7:25  Probe  
  83  7:27  Observer  
  85  7:31  Pylon, Probe  
  85  7:32  Gateway  
  86  7:46  Probe  
  86  7:48  Stalker x3  
  91  8:02  Stalker  
  91  8:05  Probe  
  93  8:11  Photon Cannon  
  93  8:16  Stalker  
  93  8:18  Probe  
  96  8:22  Probe  
  96  8:24  Pylon  
  97  8:33  Robotics Bay  
  97  8:35  Probe  
  97  8:37  Assimilator  
  97  8:40  Probe  
  99  8:42  Assimilator  
  99  8:43  Probe  
  99  8:45  Pylon  
  99  8:47  Probe  
  101  8:48  Robotics Bay  
  101  8:54  Zealot x3  
  101  8:55  Zealot x3  
Show
View Real Time Build Order
Export as new Build Order

BlysK Protoss - Winner!

Build Orders: Oracle Opening 

Get SALT Encoding   

  12  0:00  Probe  
  13  0:12  Probe  
  14  0:16  Pylon  
  14  0:24  Probe  
  15  0:35  Gateway  
  15  0:37  Probe (Chrono Boost)  
  16  0:43  Assimilator  
  16  0:49  Probe (Chrono Boost)  
  17  0:55  Probe (Chrono Boost)  
  18  0:57  Assimilator  
  18  1:03  Probe  
  19  1:13  Gateway  
  19  1:16  Probe  
  20  1:24  Cybernetics Core  
  20  1:28  Probe  
  21  1:33  Pylon  
  21  1:40  Probe  
  22  1:52  Probe  
  23  1:59  Stalker (Chrono Boost)  
  23  2:00  Stalker (Chrono Boost)  
  23  2:01  Warp Gate  
  27  2:10  Pylon  
  27  2:20  Stalker  
  27  2:22  Stalker  
  31  2:38  Probe  
  31  2:41  Stargate  
  32  3:04  Nexus  
  30  3:18  Probe  
  31  3:20  Shield Battery  
  31  3:22  Oracle (Chrono Boost)  
  34  3:30  Shield Battery  
  34  3:34  Probe  
  35  3:48  Pylon  
  35  3:49  Sentry  
  35  3:50  Stalker  
  39  4:03  Twilight Council  
  39  4:06  Probe  
  40  4:14  Adept x2  
  44  4:18  Probe (Chrono Boost)  
  46  4:25  Probe (Chrono Boost)  
  46  4:28  Probe (Chrono Boost)  
  48  4:33  Probe (Chrono Boost)  
  48  4:35  Blink (Chrono Boost)  
  48  4:37  Probe (Chrono Boost)  
  49  4:39  Probe (Chrono Boost)  
  50  4:51  Probe x2  
  49  5:03  Probe x2  
  47  5:07  Gateway  
  47  5:08  Pylon  
  47  5:09  Gateway  
  47  5:12  Sentry  
  49  5:15  Probe  
  49  5:18  Robotics Facility  
  49  5:19  Probe  
  51  5:24  Assimilator  
  51  5:25  Stalker  
  53  5:31  Probe  
  53  5:33  Pylon, Probe  
  53  5:34  Phoenix  
  55  5:36  Stalker  
  57  5:43  Probe  
  57  5:45  Probe  
  59  5:52  Stalker  
  59  5:55  Probe  
  62  5:59  Forge  
  62  6:01  Stalker, Probe  
  65  6:04  Pylon  
  65  6:05  Observer (Chrono Boost)  
  65  6:07  Probe  
  67  6:13  Probe  
  68  6:22  Pylon  
  68  6:23  Warp Prism (Chrono Boost)  
  67  6:29  Protoss Ground Weapons Level 1 (Chrono Boost)  
  67  6:31  Nexus  
  69  6:37  Assimilator, Probe  
  70  6:40  Charge  
  70  6:41  Probe  
  71  6:49  Probe  
  71  6:53  Gateway  
  71  6:54  Gateway  
  72  6:59  Pylon  
  72  7:01  Stalker  
  72  7:03  Stalker  
  72  7:05  Stalker  
  72  7:07  Probe  
  79  7:11  Templar Archives  
  79  7:14  Probe  
  80  7:19  Probe  
  81  7:25  Adept x2  
  81  7:26  Probe  
  86  7:31  Gateway, Probe  
  86  7:36  Gateway  
  87  7:42  Probe  
  88  7:44  Probe  
  88  7:47  Probe  
  88  8:02  High Templar  
  88  8:03  High Templar x2  
  88  8:04  Zealot  
  88  8:05  Zealot  
  96  8:06  High Templar  
  96  8:08  Archon, Observer, Probe  
  96  8:09  Probe  
  96  8:10  Photon Cannon  
  96  8:12  Pylon, Probe  
  101  8:13  Pylon  
  101  8:14  Assimilator, Archon  
  101  8:16  Pylon  
  101  8:20  Probe  
  101  8:26  Zealot  
  101  8:27  Zealot x2  
  106  8:28  Robotics Bay  
  108  8:34  Observer  
  108  8:35  Zealot x4  
  108  8:38  Zealot  
  108  8:40  Probe x3  
  121  8:44  Assimilator  
  121  8:52  Zealot x3  
  123  9:01  Zealot x5  
Tags
 
Add a new tag
Caveats
  • Supply blocks, unpowered buildings, or Contaminate may cause inaccurate times.
  • Supply counts are checked every 10 seconds.